 Dungeon Crawl Stone Soup version 0.31.0-9-g3a7656b989 (webtiles) character file.

Game seed: 13164087898169190686

159 qw the Shooter (level 5, -5/26 HPs)
             Began as a Spriggan Hunter on Feb 2, 2024.
             Slain by a black bear (6 damage)
             ... on level 3 of the Dungeon.
             The game lasted 00:00:08 (2526 turns).

qw the Shooter (Spriggan Hunter)                    Turns: 2526, Time: 00:00:09

Health: -5/26      AC:  2    Str:  5 (7)  XL:     5   Next: 17%
Magic:  6/6        EV: 20    Int:  8 (10) God:
Gold:   181        SH:  0    Dex: 19 (21) Spells: 4/4 levels left

rFire   . . .        a - +2 shortbow
rCold   . . .        (shield currently unavailable)
rNeg    . . .        c - +0 robe
rPois   .            (helmet restricted)
rElec   .            (no cloak)
rCorr   .            (gloves unavailable)
SInv    +            (boots unavailable)
Will    .....        (no amulet)
Stlth   ++           (no ring)
HPRegen 0.24/turn    (no ring)
MPRegen 0.10/turn

%: no passive effects
@: about to teleport, very quick
A: very small, no large weapons, unfitting armour, see invisible, speed 3
a: no special abilities


You were on level 3 of the Dungeon.
You visited 1 branch of the dungeon, and saw 4 of its levels.

You collected 181 gold pieces.


Innate Abilities, Weirdness & Mutations

You are very small and have problems with some larger weapons.
You are too small for most types of armour.
You have supernaturally acute eyesight. (SInv)
You cover ground extremely quickly. (Speed+++)


   Skills:
 - Level 2.0 Fighting
 + Level 5.3 Ranged Weapons
 - Level 5.0 Dodging
 - Level 1.5 Stealth


You had 4 spell levels left.
You didn't know any spells.
Your spell library was empty.

Inventory:

Hand Weapons
 a - a +2 shortbow (weapon)
Armour
 c - a +0 robe (worn)
Wands
 e - a wand of flame (17) (quivered)
Scrolls
 b - a scroll of enchant armour
 h - 2 scrolls of teleportation
Potions
 f - a potion of enlightenment

Dungeon Overview and Level Annotations

Branches:
Dungeon (4/15)
 Temple: D:4-7

Altars:

Shops:
D:3 (

Annotations:
D:3 Sigmund


Message History

There is a stone staircase leading down here.
2522 ||| ZAPPING wand of flame (21) at 1,0 (black bear; floor).
Aiming: Throw Flame
Press: ? - help, Q - select action, (/) - cycle Shift-Dir - straight line, f - black bear The puff of flame hits the black bear.
The black bear is lightly wounded.
The giant cockroach barely misses you. The black bear bites you.
The black bear closely misses you. The black bear claws you.
The goblin completely misses you.
2523 ||| ZAPPING wand of flame (20) at 1,0 (black bear; floor).
Aiming: Throw Flame
Press: ? - help, Q - select action, (/) - cycle Shift-Dir - straight line, f/p - black bear The puff of flame hits the black bear.
The black bear is moderately wounded.
The giant cockroach closely misses you. The black bear bites you!
The black bear claws you. x2; The goblin closely misses you.
2524 ||| READING 3 scrolls of teleportation.
As you read the scroll of teleportation, it crumbles to dust.
You feel strangely unstable. The giant cockroach bites you.
The black bear bites you. The black bear closely misses you.
The black bear completely misses you. The goblin hits you with a +0 club.
2525 ||| ZAPPING wand of flame (19) at 1,0 (black bear; floor).
Aiming: Throw Flame
Press: ? - help, Q - select action, (/) - cycle Shift-Dir - straight line, f/p - black bear The puff of flame hits the black bear.
The black bear is heavily wounded.
The giant cockroach barely misses you. The goblin barely misses you.
The black bear bites you but does no damage.
The black bear misses you. x2
The giant cockroach waves its antennae.
The giant cockroach completely misses you.
2526 ||| ZAPPING wand of flame (18) at 1,0 (black bear; floor).
Aiming: Throw Flame
Press: ? - help, Q - select action, (/) - cycle Shift-Dir - straight line, f/p - black bear The puff of flame hits the black bear.
The black bear is severely wounded.
The giant cockroach completely misses you.
The black bear bites you.
You die...

############### ###############
############### ###############
###############
####################
#....).%...#####...#
#.########.#####...###
#.#...####.###@h.....#
##.#...>......g.B.....##
##......................###
.....####..#.#####...##...#
.#....#...##.#####...####.## ###
.##.#.#.####.#####..#...#..# ##..
.##...<..###.####...#.#..#)###..#
.............###......##....#..##
.###.#.........#......###.....###


You could see a black bear, a giant cockroach and a goblin.

Vanquished Creatures
  Jessica (D:2)
  A gnoll (D:1)
  5 adders
  2 dart slugs
  A ribbon worm (D:2)
  5 orcs (D:3)
  5 ball pythons
  7 endoplasms
  2 giant cockroaches
  11 goblins
  9 hobgoblins
  6 bats
  4 frilled lizards
  3 kobolds
  5 rats
67 creatures vanquished.

Notes
Turn   | Place    | Note
-------+----------+-------------------------------------------
     0 | D:1      | qw the Spriggan Hunter began the quest for the Orb.
     0 | D:1      | Reached XP level 1. HP: 10/10 MP: 2/2
     0 | D:1      | 0 ||| qw: Version: 0.3-a-155-g5e7d8dd
     0 | D:1      | 0 ||| qw: Game counter: 608
     0 | D:1      | 0 ||| qw: Melee chars always use a shield: true
     0 | D:1      | 0 ||| qw: God list: Okawaru
     0 | D:1      | 0 ||| qw: Allow faded altars: false
     0 | D:1      | 0 ||| qw: Do Orc after clearing Dungeon:15 true
     0 | D:1      | 0 ||| qw: Do second Lair branch before Depths: true
     0 | D:1      | 0 ||| qw: Lair rune preference: random
     0 | D:1      | 0 ||| qw: Goals: Normal
     0 | D:1      | 0 ||| PLANNING D:1-11
    79 | D:1      | Reached skill level 3 in Dodging
   207 | D:1      | Reached XP level 2. HP: 11/14 MP: 3/3
   607 | D:1      | Reached XP level 3. HP: 17/18 MP: 4/4
   840 | D:1      | 840 ||| DROPPING +6 ring of intelligence.
   841 | D:1      | 841 ||| DROPPING ring of flight.
   842 | D:1      | 842 ||| READING 2 scrolls labelled WAIFADECISS.
   842 | D:1      | 842 ||| IDENTIFYING golden potion
   843 | D:1      | 843 ||| READING scroll of identify.
   843 | D:1      | 843 ||| IDENTIFYING scroll labelled ZOSTAI LAH QUT
   844 | D:1      | 844 ||| READING 2 scrolls labelled BAMOAB TUSAS.
   845 | D:1      | 845 ||| READING 2 scrolls labelled QONEUGECA.
   845 | D:1      | 845 ||| ENCHANTING +0 shortbow.
   846 | D:1      | 846 ||| READING scroll of enchant weapon.
   846 | D:1      | 846 ||| ENCHANTING +1 shortbow.
   847 | D:1      | 847 ||| READING scroll labelled WIASAMNIKK.
   848 | D:1      | 848 ||| DROPPING scroll of butterflies.
   849 | D:1      | 849 ||| DROPPING scroll of amnesia.
   895 | D:2      | Identified the +5 spear of Moral Flaws {antimagic, rC+
                  | Str+3}
  1031 | D:2      | Found a faded altar of an unknown god.
  1370 | D:2      | Noticed Jessica
  1375 | D:2      | Reached XP level 4. HP: 22/22 MP: 5/5
  1375 | D:2      | Killed Jessica
  1708 | D:2      | 1708 ||| READING 2 scrolls labelled HESCHU GAYCLAE.
  1809 | D:2      | 1809 ||| DRINKING 2 murky ruby potions.
  1810 | D:2      | 1810 ||| DROPPING scroll of vulnerability.
  1811 | D:2      | 1811 ||| DROPPING potion of degeneration.
  1912 | D:3      | Found Coliad's Weapon Emporium.
  2154 | D:3      | Reached XP level 5. HP: 26/26 MP: 6/6
  2207 | D:3      | Noticed Sigmund
  2217 | D:3      | HP: 2/26 [Sigmund/magic dart (9)]
  2218 | D:3      | 2218 ||| READING 4 scrolls of teleportation.
  2501 | D:3      | 2501 ||| READING scroll of identify.
  2501 | D:3      | 2501 ||| IDENTIFYING scroll labelled INODEEJUOXT
  2502 | D:3      | 2502 ||| READING scroll labelled IHORCH ROLUKAU.
  2503 | D:3      | 2503 ||| READING scroll labelled SIRGHE USON XEE.
  2511 | D:4      | Noticed a black bear
  2512 | D:4      | 2512 ||| STAIRDANCE
  2516 | D:4      | 2516 ||| STAIRDANCE
  2520 | D:4      | 2520 ||| STAIRDANCE
  2522 | D:3      | 2522 ||| ZAPPING wand of flame (21) at 1,0 (black bear;
                  | floor).
  2523 | D:3      | 2523 ||| ZAPPING wand of flame (20) at 1,0 (black bear;
                  | floor).
  2523 | D:3      | HP: 6/26 [black bear (1)]
  2524 | D:3      | 2524 ||| READING 3 scrolls of teleportation.
  2524 | D:3      | HP: 1/26 [goblin/+0 club (2)]
  2525 | D:3      | 2525 ||| ZAPPING wand of flame (19) at 1,0 (black bear;
                  | floor).
  2526 | D:3      | 2526 ||| ZAPPING wand of flame (18) at 1,0 (black bear;
                  | floor).
  2526 | D:3      | Slain by a black bear

Levels and vault maps discovered:
D:1:      minmay_arrival_wavy_path, layout_loops_corners,
          nicolae_twisty_statue_hallways
D:2:      layout_basic, chequers_ecumenical_altar_lobes, uniq_jessica
D:3:      layout_loops_ring, serial_shops, shop, grunt_decor_arrowhead,
          uniq_sigmund
D:4:      layout_cave_pools, mainiacjoe_overflow_alcove_3, serial_bayou,
          serial_bayou_lagoon_a, serial_bayou_shore_b, serial_bayou_shore_b,
          serial_bayou_pond_a, minmay_fractal_squares_5

Skill      XL: |  1  2  3  4 |
---------------+-------------+-----
Dodging        | 3 4 5 |  5.0
Ranged Weapons | 5 |  5.3
Fighting       | 2 |  2.0
Stealth        | |  1.5

Action                     |  1- 3 |  4- 6 || total
---------------------------+-------+-------++-------
   Fire: Shortbow          |   101 |    69 ||   170
  Evoke: Wand              |       |     4 ||     4
    Use: Scroll            |     6 |     6 ||    12
         Potion            |       |     1 ||     1
 Armour: Robe              |    11 |    18 ||    29
  Dodge: Dodged            |    41 |    45 ||    86

Table legend:
 A = Non-vault XP
 B = Vault XP
 C = Vault XP percentage of total XP
 D = Non-vault monster count
 E = Vault monster count
 F = Vault count percentage of total count
                 A         B        C        D         E       F
            +---------+---------+-------+---------+---------+-------
      Total |     191 |      37 |  16.2 |      66 |       1 |   1.5
            +---------+---------+-------+---------+---------+-------
        D:1 |      44 |       0 |   0.0 |      19 |       0 |   0.0
        D:2 |      78 |      37 |  32.2 |      26 |       1 |   3.7
        D:3 |      69 |       0 |   0.0 |      21 |       0 |   0.0
            +---------+---------+-------+---------+---------+-------
